 Dungeon Crawl Stone Soup version 0.31.0-9-g3a7656b989 (webtiles) character file.

Game seed: 10860238524764334183

37 qw the Shooter (level 3, -3/18 HPs)
             Began as a Spriggan Hunter on Feb 2, 2024.
             Slain by a black bear (10 damage)
             ... on level 2 of the Dungeon.
             The game lasted 00:00:02 (681 turns).

qw the Shooter (Spriggan Hunter)                     Turns: 681, Time: 00:00:03

Health: -3/18      AC:  2    Str:  7    XL:     3   Next: 23%
Magic:  4/4        EV: 19    Int: 10    God:
Gold:   81         SH:  0    Dex: 20    Spells: 2/2 levels left

rFire   . . .        a - +1 shortbow
rCold   . . .        (shield currently unavailable)
rNeg    . . .        c - +0 robe
rPois   .            (helmet restricted)
rElec   .            (no cloak)
rCorr   .            (gloves unavailable)
SInv    +            (boots unavailable)
Will    .....        (no amulet)
Stlth   ++           (no ring)
HPRegen 0.23/turn    (no ring)
MPRegen 0.09/turn

%: no passive effects
@: very quick
A: very small, no large weapons, unfitting armour, see invisible, speed 3
a: no special abilities


You were on level 2 of the Dungeon.
You visited 1 branch of the dungeon, and saw 2 of its levels.

You collected 81 gold pieces.


Innate Abilities, Weirdness & Mutations

You are very small and have problems with some larger weapons.
You are too small for most types of armour.
You have supernaturally acute eyesight. (SInv)
You cover ground extremely quickly. (Speed+++)


   Skills:
 - Level 1.5 Fighting
 + Level 4.5 Ranged Weapons
 - Level 4.0 Dodging
 - Level 1.5 Stealth


You had 2 spell levels left.
You didn't know any spells.
Your spell library was empty.

Inventory:

Hand Weapons
 a - a +1 shortbow (weapon)
Armour
 c - a +0 robe (worn)
Wands
 b - a wand of roots (6)
Potions
 d - a potion of heal wounds {unknown}
 g - a potion of curing

Dungeon Overview and Level Annotations

Branches:
Dungeon (2/15)

Altars:


Message History

The arrow hits the black bear but does no damage.
The black bear is lightly wounded.
You shoot an arrow. The arrow barely misses the black bear.
You shoot an arrow. The arrow hits the black bear.
The black bear is lightly wounded.
The black bear misses you. The black bear completely misses you.
The black bear barely misses you. The black bear completely misses you.
The black bear claws you.
The black bear claws you but does no damage.
You shoot an arrow. The arrow barely misses the black bear.
The black bear bites you. The black bear closely misses you.
The black bear completely misses you.
You shoot an arrow. The arrow hits the black bear!
The black bear is heavily wounded.
The black bear completely misses you. The black bear claws you. x2
You shoot an arrow. The arrow hits the black bear.
The black bear is heavily wounded.
The black bear misses you. x2; The black bear barely misses you.
You shoot an arrow. The arrow hits the black bear.
The black bear is heavily wounded.
The black bear closely misses you. The black bear barely misses you.
The black bear completely misses you.
You shoot an arrow.
The arrow closely misses the black bear.
The black bear barely misses you. The black bear completely misses you.
The black bear claws you but does no damage.
You shoot an arrow. The arrow hits the black bear!
The black bear is severely wounded.
The black bear misses you. The black bear claws you. The black bear misses you.
The black bear goes berserk!
You shoot an arrow.
The arrow hits the black bear but does no damage.
The black bear is severely wounded.
The black bear misses you. The black bear closely misses you.
The black bear claws you but does no damage.
You shoot an arrow. The arrow hits the black bear.
The black bear is severely wounded.
The black bear bites you!
Ouch! That really hurt!
You die...

....# ### ..<.# ..#
.... #####.# ...
#.#.....# ..
.......# .#
#####...#####h#
............@.#
#######.#######
#...|.# #.#####
#.###### #......#
######..###.###
#............(####
##.####..###..#...#


You could see a black bear (berserk).

Vanquished Creatures
  An adder (D:2)
  A dart slug (D:1)
  4 ball pythons (D:1)
  A bat (D:1)
  5 endoplasms
  2 giant cockroaches (D:1)
  3 hobgoblins (D:1)
  2 quokkas
  2 goblins (D:1)
  A rat (D:1)
22 creatures vanquished.

Notes
Turn   | Place    | Note
-------+----------+-------------------------------------------
     0 | D:1      | qw the Spriggan Hunter began the quest for the Orb.
     0 | D:1      | Reached XP level 1. HP: 10/10 MP: 2/2
     0 | D:1      | 0 ||| qw: Version: 0.3-a-155-g5e7d8dd
     0 | D:1      | 0 ||| qw: Game counter: 1442
     0 | D:1      | 0 ||| qw: Melee chars always use a shield: true
     0 | D:1      | 0 ||| qw: God list: Okawaru
     0 | D:1      | 0 ||| qw: Allow faded altars: false
     0 | D:1      | 0 ||| qw: Do Orc after clearing Dungeon:15 true
     0 | D:1      | 0 ||| qw: Do second Lair branch before Depths: true
     0 | D:1      | 0 ||| qw: Lair rune preference: random
     0 | D:1      | 0 ||| qw: Goals: Normal
     0 | D:1      | 0 ||| PLANNING D:1-11
    14 | D:1      | Reached skill level 3 in Dodging
    46 | D:1      | Reached XP level 2. HP: 14/14 MP: 3/3
   513 | D:1      | 513 ||| READING scroll labelled JOUTOON QIEZE.
   513 | D:1      | 513 ||| IDENTIFYING red potion
   514 | D:1      | 514 ||| READING scroll labelled YFIMEOZXIMYL.
   518 | D:1      | 518 ||| READING scroll labelled ITROFR ETOGUOQEPH.
   519 | D:1      | 519 ||| READING scroll labelled COETIU PIZE.
   519 | D:1      | 519 ||| ENCHANTING +0 shortbow.
   520 | D:1      | 520 ||| DRINKING 2 bubbling puce potions.
   521 | D:1      | 521 ||| DROPPING scroll of butterflies.
   522 | D:1      | 522 ||| DROPPING potion of brilliance.
   567 | D:2      | Reached XP level 3. HP: 18/18 MP: 4/4
   668 | D:2      | Noticed a black bear
   681 | D:2      | Slain by a black bear

Levels and vault maps discovered:
D:1:      minmay_arrival_shattered_statue, layout_rooms
D:2:      layout_basic, basic_altar, serial_shops, shop, shop_statue

Skill      XL: |  1  2 |
---------------+-------+-----
Dodging        | 3 4 |  4.0
Fighting       | |  1.5
Ranged Weapons | |  4.5
Stealth        | |  1.5

Action                     || total
---------------------------++-------
   Fire: Shortbow          ||    70
    Use: Scroll            ||     4
         Potion            ||     1
 Armour: Robe              ||    14
  Dodge: Dodged            ||    33

Table legend:
 A = Non-vault XP
 B = Vault XP
 C = Vault XP percentage of total XP
 D = Non-vault monster count
 E = Vault monster count
 F = Vault count percentage of total count
                 A         B        C        D         E       F
            +---------+---------+-------+---------+---------+-------
      Total |      54 |       0 |   0.0 |      22 |       0 |   0.0
            +---------+---------+-------+---------+---------+-------
        D:1 |      37 |       0 |   0.0 |      19 |       0 |   0.0
        D:2 |      17 |       0 |   0.0 |       3 |       0 |   0.0
            +---------+---------+-------+---------+---------+-------
